AoeStats
← Khirs

Lombardia

509392038Analyzed
4v4 RM · 5d ago on Sep 26, 2026· 47m 6s· 8 players
Game mode
Random Map
Map size
Large (8 player)
Population
200
Speed
Normal
Resources
Standard
Victory
Conquest
Starting age
Dark Age
Ending age
Imperial Age
RankedLock teamsTeams togetherTeam positionsShared explorationLock speedFull tech treeHidden civsTurbo modeCheats
Victory
Defeat
🇹🇼 Huns · Taiwan
937
+12
🇨🇳 Khmer · China
916
+13
🇨🇳 Turks · China
900
+13
🇨🇳 Mongols · China
885
+14
🇮🇳 Saxons · India
905
-15
🇹🇷 Turks · Türkiye
877
-14
🇵🇱 Teutons · Poland
845
-13
🇪🇸 Chinese · Spain
758
-10
kailashsaravanaraj
10:58 Feudal Age
11:20 Feudal Age
12:43 Double-Bit Axe
15:34 Castle Age
13:59 Horse Collar
22:13 Loom
23:45 Bow Saw
26:20 Forging
26:12 Gold Mining
29:58 Clerical Recruitment
35:08 Imperial Age
33:19 Stone Mining
33:40 Heavy Plow
35:39 Iron Casting
35:05 Scale Mail Armor
35:36 Squires
35:22 Gambesons
36:09 Fortified Wall
36:14 Masonry
37:23 Chain Mail Armor
37:26 Block Printing
37:47 Theocracy
37:34 Sanctity
37:40 Illumination
37:26 Redemption
37:14 Herbal Medicine
38:19 Conscription
37:21 Shield Wall
37:30 Elite Hearth Troop
40:33 Wheelbarrow
40:31 Architecture
40:07 Siege Engineers
40:33 Ballistics
42:16 Scale Barding Armor
44:22 Elite Varangian Guard
46:48 Plate Mail Armor
45:46 Heavy Mounted Crossbowman
45:47 Cranequins
46:33 Thumb Ring
ZigzagSinger667
16:43 Feudal Age
18:24 Horse Collar
18:33 Double-Bit Axe
21:14 Castle Age
20:00 Wheelbarrow
19:20 Stone Mining
26:40 Hand Cart
41:30 Heavy Plow
41:49 Bow Saw
Khirs
0:50 Loom
11:50 Feudal Age
12:25 Double-Bit Axe
12:50 Horse Collar
19:39 Gold Mining
22:06 Castle Age
20:42 Stone Mining
21:53 Fletching
22:16 Pikeman
23:20 Forging
27:33 Bow Saw
27:45 Bodkin Arrow
27:51 Padded Archer Armor
30:36 Heavy Plow
31:38 Leather Archer Armor
35:41 Imperial Age
33:45 Ballistics
34:01 Thumb Ring
35:43 Iron Casting
35:39 Great Wall
36:44 Conscription
38:09 Chemistry
38:42 Murder Holes
39:00 Masonry
38:59 Capped Ram
41:12 Wheelbarrow
42:50 Rocketry
42:51 Halberdier
46:01 Bracer
46:32 Ring Archer Armor
CANULAN
14:21 Feudal Age
20:00 Castle Age
18:01 Gold Mining
18:01 Double-Bit Axe
24:50 Imperial Age
23:31 Horse Collar
26:12 Bow Saw
31:20 Padded Archer Armor
36:21 Leather Archer Armor
40:35 Caravan
42:14 Two-Man Saw
42:44 Ring Archer Armor
46:49 Artillery
47:10 Conscription
378080739
0:29 Loom
13:43 Feudal Age
19:26 Castle Age
18:27 Double-Bit Axe
18:36 Stone Mining
18:29 Horse Collar
18:45 Gold Mining
22:45 Bow Saw
22:39 Heavy Plow
32:43 Imperial Age
32:25 Wheelbarrow
33:46 Ballistics
34:27 Chemistry
33:36 Double Crossbow
34:17 Elite Ballista Elephant
35:20 Conscription
37:40 Siege Engineers
41:09 Wheelbarrow
44:10 Caravan
mozo815 灰色
2:03 Loom
12:51 Feudal Age
16:41 Scale Barding Armor
18:52 Castle Age
18:05 Forging
17:52 Horse Collar
19:46 Husbandry
20:00 Bloodlines
25:34 Fletching
26:34 Heavy Plow
29:48 Wheelbarrow
29:53 Double-Bit Axe
31:39 Bow Saw
31:31 Padded Archer Armor
32:32 Leather Archer Armor
33:28 Masonry
33:44 Thumb Ring
34:44 Ballistics
36:48 Bodkin Arrow
40:12 Chain Barding Armor
42:35 Hand Cart
47:23 Imperial Age
45:19 Town Watch
Mita Lover
12:01 Feudal Age
17:10 Castle Age
18:16 Double-Bit Axe
22:24 Bow Saw
31:33 Imperial Age
31:41 Wheelbarrow
31:07 Gold Mining
33:00 Hand Cart
33:30 Conscription
35:08 Artillery
35:22 Padded Archer Armor
34:55 Elite Janissary
38:38 Two-Man Saw
38:54 Gold Shaft Mining
38:33 Artillery
39:54 Ballistics
39:21 Horse Collar
41:31 Bloodlines
41:23 Husbandry
44:47 Forging
44:43 Scale Barding Armor
44:56 Leather Archer Armor
咸鱼王
14:04 Feudal Age
16:20 Double-Bit Axe
16:17 Horse Collar
19:46 Castle Age
21:43 Heavy Plow
21:58 Bow Saw
26:19 Wheelbarrow
26:20 Stone Mining
26:22 Gold Mining
27:55 Stone Shaft Mining
27:45 Hand Cart
27:16 Town Watch
27:16 Loom
28:48 Gold Shaft Mining
35:00 Imperial Age
33:33 Ballistics
33:11 Fletching
33:21 Padded Archer Armor
34:14 Bodkin Arrow
34:30 Nomads
35:41 Leather Archer Armor
35:20 Elite Mangudai
36:25 Conscription
37:34 Drill
38:22 Chemistry
37:26 Bracer
38:51 Capped Ram
39:48 Forging
39:43 Scale Barding Armor
41:03 Parthian Tactics
40:44 Thumb Ring
40:09 Siege Ram
41:38 Bloodlines
41:28 Husbandry
40:49 Light Cavalry
42:43 Hussar
Connection lost

Rejoining the realm…

Still unreachable

The connection could not be restored.

Session expired

The server has moved on; the page needs a fresh start.